 Dungeon Crawl Stone Soup version 0.24.0-13-gcf9b3192b9 (webtiles) character file.

Game seed: 6142692855168313958, levelgen mode: deterministic

44 Matador8 the Vexing (level 3, -1/19 HPs)
             Began as a Vampire Enchanter on Nov 6, 2019.
             Shot with a stone by a goblin (3 damage)
             ... on level 2 of the Dungeon.
             The game lasted 00:08:50 (1181 turns).

Matador8 the Vexing (Vampire Enchanter)             Turns: 1181, Time: 00:08:51

Health: -1/19      AC:  2    Str:  7    XL:     3   Next: 39%
Magic:  3/6        EV: 12    Int: 18    God:
Gold:   107        SH:  0    Dex: 14    Spells: 2/6 levels left

rFire    . . .     SeeInvis +   a - +1 dagger
rCold    + + .     Gourm    .   (no shield)
rNeg     + + +     Faith    .   b - +0 robe
rPois    ∞         Spirit   .   (no helmet)
rElec    .         Reflect  .   (no cloak)
rCorr    .         Harm     .   (no gloves)
MR       .....                  (no boots)
Stlth    +++++.....             (no amulet)
HPRegen  0.00/turn              (no ring)
MPRegen  0.10/turn              (no ring)

@: bloodless, regenerating quickly
A: no food, fangs 3, see invisible, unbreathing
a: Bat Form, Revivify


You were on level 2 of the Dungeon.
You were bloodless.

You visited 1 branch of the dungeon, and saw 2 of its levels.

You collected 107 gold pieces.

Inventory:

Hand Weapons
 a - a +1 dagger (weapon)
Missiles
 e - 51 poisoned darts (quivered)
 l - 8 javelins
Armour
 b - a +0 robe (worn)
 j - a +2 helmet
Scrolls
 c - a scroll of amnesia {unknown}
 f - a scroll of blinking {unknown}
 h - 2 scrolls of remove curse {unknown}
Potions
 d - a potion of ambrosia {unknown}
 g - a potion of agility {unknown}
 i - a potion of brilliance {unknown}
 k - a potion of magic {unknown}


   Skills:
 * Level 2.7 Short Blades
 - Level 2.1 Dodging
 - Level 4.4 Stealth
 + Level 2.4 Spellcasting
 + Level 5.0 Hexes


You had 2 spell levels left.
You knew the following spells:

 Your Spells              Type           Power        Failure   Level  Hunger
a - Corona                Hex            ###....      2%          1    N/A
b - Confuse               Hex            ###.....     7%          3    N/A

Your spell library contained the following spells:

 Spells                   Type           Power        Failure   Level  Hunger
 Ensorcelled Hibernation  Hex/Ice        ##....       10%         2    N/A
 Tukima's Dance           Hex            ###.....     7%          3    N/A
 Dazzling Spray           Conj/Hex       ##....       19%         3    N/A

Dungeon Overview and Level Annotations

Branches:
Dungeon (2/15)

Altars:

Annotations:
D:2 Terence


Innate Abilities, Weirdness & Mutations

You do not eat.
You do not regenerate when monsters are visible.
You are frail without blood (-20% HP).
You can heal yourself when you bite living creatures.
You are immune to poison.
You have razor-sharp teeth.
You have supernaturally acute eyesight. (SInv)
You can survive without breathing.


Message History

Aim: a goblin, wielding a +0 hunting sling (chance to defeat MR: 67%)
The goblin struggles to resist.
The goblin unwields a +0 hunting sling.
The goblin wields a +0 club.
The goblin hits you with a +0 club.
Casting: Confuse (safe; 7% risk of failure)
Confirm with . or Enter, or press ? or * to list all spells.
You don't have enough magic to cast that spell.
Casting: Confuse (safe; 7% risk of failure)
Confirm with . or Enter, or press ? or * to list all spells.
You don't have enough magic to cast that spell.
Unknown command.
The goblin unwields a +0 club.
The goblin wields a +0 hunting sling.
The goblin shoots a stone.
The stone misses you.
You see here a stone.
The goblin shoots a stone.
The stone hits you.
You see here a stone.
The goblin shoots a stone.
The stone hits you.
* * * LOW HITPOINT WARNING * * *
You see here a stone.
The goblin shoots a stone.
The stone hits you.
You die...

######### #.......#
########.#####.#
#........# #.#
#.)...##.# ##.########
#........####.@((...gg#
#.....##.##.<.#######.#
###.....##.##.#.# #.#
#...............# #g# .
#.###..#........#
#g######l..
#.#....#........#
#.##().....
#...##.#######..#
#....?l.g.. #.######
##.#######..#.......
#....#
#.........#####...


You could see 2 goblins.

Vanquished Creatures
  An ooze (D:1)
  A dart slug (D:1)
  3 leopard geckos
  A ball python (D:1)
  2 giant cockroaches
  3 goblins
  5 hobgoblins (D:1)
  5 kobolds
  2 quokkas (D:2)
  3 bats (D:1)
  2 frilled lizards
  6 rats (D:1)
34 creatures vanquished.

Notes
Turn   | Place    | Note
-------+----------+-------------------------------------------
     0 | D:1      | Matador8 the Vampire Enchanter began the quest for the Orb.
     0 | D:1      | Reached XP level 1. HP: 13/13 MP: 3/3
   127 | D:1      | Reached XP level 2. HP: 19/19 MP: 5/5
   477 | D:1      | Reached XP level 3. HP: 23/24 MP: 4/6
  1030 | D:2      | Learned a level 3 spell: Confuse
  1033 | D:2      | Noticed Terence
  1172 | D:2      | Reached skill level 5 in Hexes
  1181 | D:2      | Shot with a stone by a goblin

Levels and vault maps discovered:
D:1:      wander_arrival_desolate, layout_basic, serial_forest,
          infiniplex_forest_clump_curved, infiniplex_forest_corner_2,
          infiniplex_forest_lined_3, infiniplex_forest_lined_ring,
          infiniplex_forest_join, infiniplex_forest_clump_small,
          minmay_quantized
D:2:      layout_loops_cross, tgw_trog, uniq_robin, uniq_terence

Skill      XL: |  1  2  3 |
---------------+----------+-----
Short Blades   | 2 |  2.7
Hexes          | 5 |  5.0
Dodging        | |  2.1
Stealth        | |  4.4
Spellcasting   | |  2.4

Action                   || total
-------------------------++-------
Melee: Dagger            ||   134
       Bite              ||     7
 Cast: Corona            ||    18
       Confuse           ||     1
 Abil: Exsanguinate      ||     1
 Stab: Sleeping          ||     8
Armor: Robe              ||    29
Dodge: Dodged            ||    75
